 Dungeon Crawl Stone Soup version 0.27.1-15-g792fb953b9 (webtiles) character file.

Game seed: 10063212948586684851

20 tizbic2 the Sneak (level 2, 0/17 HPs)
             Began as an Octopode Enchanter on Nov 19, 2021.
             Was a Follower of Zin.
             Slain by a jackal (2 damage)
             ... on level 1 of the Dungeon.
             The game lasted 00:04:54 (619 turns).

tizbic2 the Sneak (Octopode Enchanter)               Turns: 619, Time: 00:04:54

Health: 0/17       AC:  1    Str:  7    XL:     2   Next: 79%
Magic:  4/5        EV: 13    Int: 17    God:    Zin [*.....]
Gold:   16         SH:  0    Dex: 12    Spells: 2/5 levels left

rFire    . . .     SeeInvis .   a - +1 dagger
rCold    . . .     Faith    .   (no shield)
rNeg     . . .     Spirit   .   (helmet restricted)
rPois    .         Reflect  .   (no amulet)
rElec    .         Harm     .   (no ring)
rCorr    .         Rampage  .   (no ring)
Will     .....                  (no ring)
Stlth    ++++......             (no ring)
HPRegen  0.05/turn              (no ring)
MPRegen  0.09/turn              (no ring)
                                (no ring)
                                (no ring)

@: no status effects
A: almost no armour, amphibious, 8 rings, camouflage 1, gelatinous body 1,
(nimble swimmer 1), tentacles
a: Renounce Religion, Recite, Donate Gold


You were on level 1 of the Dungeon.
You worshipped Zin.
Zin was aware of your devotion.
You visited 1 branch of the dungeon, and saw 1 of its levels.

You collected 36 gold pieces.
You donated 20 gold pieces to Zin.

Inventory:

Hand Weapons
 a - a +1 dagger (weapon)
Scrolls
 b - a scroll of amnesia {unknown}
 c - a scroll of enchant weapon {unknown}
Potions
 d - 2 potions of brilliance {unknown}
 e - a potion of mutation {unknown}
 f - a potion of curing {unknown}


   Skills:
 + Level 0.1 Fighting
 - Level 1.0 Short Blades
 * Level 0.4 Polearms
 + Level 2.3 Dodging
 * Level 4.6 Stealth
 + Level 2.1 Spellcasting
 + Level 3.1 Hexes


You had 2 spell levels left.
You knew the following spells:

 Your Spells              Type           Power      Damage    Failure   Level
a - Corona                Hex            13%        N/A       5%          1
b - Ensorcelled Hibernat  Hex/Ice        14%        N/A       16%         2

Your spell library contained the following spells:

 Spells                   Type           Power      Damage    Failure   Level
 Confusing Touch          Hex            12%        N/A       16%         3
 Tukima's Dance           Hex            12%        N/A       16%         3
 Dazzling Flash           Conj/Hex       14%        N/A       30%         3


Dungeon Overview and Level Annotations

Branches:
Dungeon (1/15)

Altars:
Zin


Innate Abilities, Weirdness & Mutations

You cannot wear most types of armour.
You are amphibious.
You can wear up to eight rings at the same time.
Your skin changes colour to match your surroundings (Stealth+).
Your rubbery body absorbs attacks. (AC +1, EV +1)
((You are camouflaged near water. (Stealth+)))
You have tentacles for arms and can constrict up to eight enemies at once.


Message History

The jackal is moderately wounded.
The jackal bites you.
The quokka twitches its whiskers.
You hit the jackal. You grab the jackal.
The jackal is severely wounded.
You constrict the jackal, but do no damage.
The jackal bites you.
You barely miss the jackal.
The jackal is severely wounded.
You constrict the jackal, but do no damage.
The jackal bites you. The jackal completely misses you.
You barely miss the jackal.
You squeeze the jackal, but do no damage.
The jackal is severely wounded.
You constrict the jackal. The jackal bites you.
* * * LOW HITPOINT WARNING * * *
You hit the jackal but do no damage.
The jackal is almost dead.
You constrict the jackal.
You kill the jackal!
Casting: Ensorcelled Hibernation (safe; 16% risk of failure)
Confirm with . or Enter, or press ? or * to list all spells.
Aiming: Corona (safe; 5% risk of failure)
Press: ? - help, Shift-Dir - straight line, f - jackal
Aim: a jackal (chance to affect: 66%)
The jackal is outlined in light.
The jackal misses you.
You hit the jackal but do no damage. You grab the jackal.
Your squeeze misses the jackal.
You constrict the jackal, but do no damage.
The jackal completely misses you. The jackal bites you.
* * * LOW HITPOINT WARNING * * *
You release your grip on the jackal.
You barely miss the jackal. You grab the jackal.
You constrict the jackal, but do no damage.
The jackal barely misses you.
The jackal bites you but does no damage.
You release your grip on the jackal.
You hit the jackal but do no damage. Your grab misses the jackal.
The jackal barely misses you. The jackal bites you.
You die...

......#..# ##........#
###.##..## ##.........#
#.#..#####..........#
#...###....#........#
###..####.######.######
.##..##...# #†#
........### #r#
...##..## #h#
...##...### #@#
...#..#...# #.#
...#.####.# #.# ...#.#
#.# #.# .....## #.# #.#
.#....# #.## #.#
###.#.# #..# #.#
#...#.# ##.# #.#
#..##.## #.## #.#


You could see a quokka and a jackal (corona).

Vanquished Creatures
  2 ball pythons (D:1)
  2 endoplasms (D:1)
  2 giant cockroaches (D:1)
  2 hobgoblins (D:1)
  A jackal (D:1)
  4 bats (D:1)
  2 frilled lizards (D:1)
  A kobold (D:1)
  3 rats (D:1)
19 creatures vanquished.

Notes
Turn   | Place    | Note
-------+----------+-------------------------------------------
     0 | D:1      | tizbic2 the Octopode Enchanter began the quest for the Orb.
     0 | D:1      | Reached XP level 1. HP: 11/11 MP: 3/3
   248 | D:1      | Reached XP level 2. HP: 16/17 MP: 5/5
   365 | D:1      | Learned a level 2 spell: Ensorcelled Hibernation
   414 | D:1      | Found a faded altar of an unknown god.
   430 | D:1      | Became a worshipper of Zin the Law-Giver
   430 | D:1      | Reached * piety under Zin
   540 | D:1      | Donated 17 gold pieces to Zin
   619 | D:1      | Slain by a jackal

Illustrated notes

Levels and vault maps discovered:
D:1:      lemuel_arrival_lava_pool, layout_rooms,
          hellmonk_ecumenical_altar_pennies_from_heaven,
          hangedman_abyss_or_decor_stabs

Action                   || total
-------------------------++-------
Melee: Dagger            ||    45
       Constrict         ||    13
       Tentacles         ||     7
 Cast: Ensorcelled Hiber ||     1
       Corona            ||     1
Invok: Donate Gold       ||     1
 Stab: Sleeping          ||     5
Armor: Skin              ||     8
Dodge: Dodged            ||    43
